 Dungeon Crawl Stone Soup version 0.23-a0-139-ga22e90c45f (webtiles) character file.

47471 Rrauwl the Severer (level 14, -11/187 HPs)
             Began as a Hill Orc Monk on Aug 27, 2018.
             Was a High Priest of Okawaru.
             Mangled by a death yak (15 damage)
             ... on level 5 of the Lair of Beasts on Aug 30, 2018.
             The game lasted 01:09:23 (23567 turns).

Rrauwl the Severer (Hill Orc Monk)                 Turns: 23567, Time: 01:09:24

Health: -11/187    AC: 22    Str: 24    XL:     14   Next: 42%
Magic:  23/23      EV: 13    Int: 10    God:    Okawaru [*****.]
Gold:   805        SH:  0    Dex: 13    Spells: 11/13 levels left

rFire    + . .     SeeInvis +   c - +3 dire flail (curse)
rCold    + . .     Gourm    .   (shield currently unavailable)
rNeg     + + .     Faith    .   O - +5 scale mail of Winter {*Corrode rElec rF+ rN++}
rPois    .         Spirit   .   p - +2 hat
rElec    +         Reflect  .   C - +0 cloak of Servitude {+Blink SInv}
rCorr    .         Harm     .   f - +0 pair of gloves
MR       +....                  d - +0 pair of boots
Stlth    ..........             (no amulet)
HPRegen  0.41/turn              G - -2 ring of slaying (curse)
MPRegen  0.18/turn              H - ring of attention (curse)

@: berserking (expiring), very quick
A: yellow scales 1, cold resistance 1, electricity resistance
a: Heroism, Finesse, Renounce Religion, Evoke Blink


You were on level 5 of the Lair of Beasts.
You worshipped Okawaru.
Okawaru was extremely pleased with you.
You were hungry.

You visited 3 branches of the dungeon, and saw 18 of its levels.
You also visited: Ice Cave.

You collected 1233 gold pieces.
You spent 428 gold pieces at shops.

Inventory:

Hand Weapons
 a - a +2 war axe
 b - a +0 hand crossbow of freezing
 c - a cursed +3 dire flail (weapon)
 D - the +8 battleaxe of the Mind {drain, -Tele +Rage MR+ Dex+3}
   (Okawaru gifted it to you in an ice cave)

   A truly terrible weapon, it drains the life of those it strikes.
   It affects your dexterity (+3).
   It affects your resistance to hostile enchantments.
   It lets you go berserk.
   It prevents most forms of teleportation.
 J - a +0 battleaxe of freezing
Missiles
 l - 363 bolts
 u - 3 throwing nets (quivered)
Armour
 d - a +0 pair of boots (worn)
 f - a +0 pair of gloves (worn)
 p - a +2 hat (worn)
 C - the +0 cloak of Servitude (worn) {+Blink SInv}
   (You acquired it on level 12 of the Dungeon)

   It lets you see invisible.
   It lets you blink.
 O - the +5 scale mail of Winter (worn) {*Corrode rElec rF+ rN++}
   (You found it in an ice cave)

   It protects you from fire.
   It insulates you from electricity.
   It greatly protects you from negative energy.
   It may corrode you when you take damage.
Jewellery
 n - a +4 ring of evasion
 w - a +4 ring of dexterity
 G - a cursed -2 ring of slaying (left hand)
 H - a cursed ring of attention (right hand)
 I - an uncursed ring of poison resistance
 K - an uncursed ring of wizardry
 M - an uncursed ring of protection from cold
 N - an uncursed ring of protection from cold
 Y - an uncursed ring of protection from magic
 Z - a cursed ring of teleportation
Wands
 h - a wand of flame (45)
 r - a wand of digging (56)
 t - a wand of disintegration (4)
 x - a wand of random effects (38)
 z - a wand of iceblast (5)
 Q - a wand of enslavement (13)
 S - a wand of acid (8)
 T - a wand of scattershot (5)
Scrolls
 i - 8 scrolls of identify
 m - 7 scrolls of blinking
 o - 7 scrolls of enchant weapon
 s - 7 scrolls of teleportation
 A - a scroll of fog
 B - a scroll of holy word
 U - a scroll of enchant armour
 V - a scroll of magic mapping
 X - a scroll of acquirement
Potions
 g - 4 potions of curing
 j - a potion of might
 k - 3 potions of flight
 v - 3 potions of ambrosia
 y - a potion of resistance
 F - a potion of brilliance
 L - a potion of berserk rage
 P - 3 potions of haste
 R - a potion of agility
Miscellaneous
 q - a crystal ball of energy
 E - a box of beasts
 W - a sack of spiders
Comestibles
 e - 26 rations


   Skills:
 + Level 11.8 Fighting
 + Level 17.1 Axes
 - Level 10.0 Crossbows
 + Level 11.5 Armour
 - Level 5.0 Dodging
 - Level 2.0 Stealth
 - Level 12.0 Invocations
 - Level 5.0 Evocations


You had 11 spell levels left.
You knew the following spells:

 Your Spells              Type           Power        Failure   Level  Hunger
a - Blink                 Tloc           N/A          75%         2    ###....

Your spell library contained the following spells:

 Spells                   Type           Power        Failure   Level  Hunger
 Infusion                 Chrm           #...         58%         1    ##.....
 Magic Dart               Conj           #...         58%         1    ##.....
 Call Imp                 Summ           #.......     75%         2    ###....
 Searing Ray              Conj           #.....       75%         2    ###....
 Shroud of Golubria       Chrm/Tloc      #.........   75%         2    ###....
 Slow                     Hex            #.......     75%         2    ###....
 Song of Slaying          Chrm           #.......     75%         2    ###....
 Conjure Flame            Conj/Fire      #.......     92%         3    ####...
 Dazzling Spray           Conj/Hex       #.....       92%         3    ####...
 Mephitic Cloud           Conj/Pois/Air  #.......     92%         3    ####...
 Regeneration             Chrm/Necr      #.........   92%         3    ####...
 Spectral Weapon          Hex/Chrm       #.......     92%         3    ####...
 Cause Fear               Hex            #.........   100%        4    #####..
 Force Lance              Conj/Tloc      #.......     100%        4    #####..
 Fulminant Prism          Conj/Hex       #.........   100%        4    #####..
 Iskenderun's Mystic Bla  Conj           #.......     100%        4    #####..
 Silence                  Hex/Air        #.........   100%        5    ######.
 Yara's Violent Unravell  Hex/Tmut       #.........   100%        5    ######.
 Deflect Missiles         Chrm/Air       #.........   100%        6    #######
 Discord                  Hex            #.........   100%        8    #######


Dungeon Overview and Level Annotations

Branches:
Dungeon (12/15)            Temple (1/1) D:5            Lair (5/6) D:10
 Shoals (0/4) Lair:3       Spider (0/4) Lair:3          Orc (0/2) D:10
  Slime: Lair:5-6

Altars:
Ashenzari
Cheibriados
Dithmenos
Elyvilon
Fedhas
Gozag
Hepliaklqana
Kikubaaqudgha
Makhleb
Nemelex Xobeh
Okawaru
Qazlal
Ru
Sif Muna
Trog
Uskayaw
Vehumet
Wu Jian
Xom
Yredelemnul
Zin
The Shining One

Shops:
D:4 (   D:5 :**?=


Innate Abilities, Weirdness & Mutations

You are partially covered in yellow scales. (AC +2)
Your flesh is cold resistant. (rC+)
You are resistant to electric shocks. (rElec)


Message History

The death yak is moderately wounded.
You sock the death yak!
The death yak is heavily wounded.
The death yak gores you!
* * * LOW HITPOINT WARNING * * *
You hit the death yak.
The death yak is heavily wounded.
The death yak gores you!!
* * * LOW HITPOINT WARNING * * *
You hit the death yak but do no damage.
The death yak is heavily wounded.
You hit the death yak.
The death yak is severely wounded.
The death yak barely misses you.
You sock the death yak!
The death yak is severely wounded.
You thump the death yak!
The death yak is almost dead.
The death yak gores you!
You die...

#.#. ##...#### #..#
##).. #.....# P.##
##.... #....## #...
#...Y. ##....#..##.#
#..#.PP####............
#...........#..........
#.P.##....#..........#
. ##Y...##.......#.
#@#..####......#
#......## #..P.....
##.P.##.# #........
#.### ## ......P.. #%
#.P[ #. # #P.. #..#
#.#... #..#..#### .....
.........# ...


You could see a death yak.

Vanquished Creatures
  A frost giant (IceCv)
  A hydra (D:12)
  Fannar (Lair:1)
  A two-headed ogre (D:12)
  6 death yaks
  Urug (Lair:1)
  2 tengu warriors (D:11)
  A manticore (D:11)
  2 ugly things (D:12)
  A cyclops (D:12)
  A black mamba (Lair:5)
  4 merfolk sirens (Lair:3)
  7 spiny frogs
  A rime drake (Lair:4)
  A demonic crawler (Lair:3)
  6 komodo dragons
  2 ice devils (Lair:2)
  A queen bee (D:9)
  2 trolls (D:10)
  21 polar bears
  A dream sheep (Lair:3)
  5 hippogriffs
  A meliai zombie (D:11)
  4 blink frogs (Lair:1)
  6 slime creatures (D:12)
  2 shadows
  Eustachio (D:6)
  A wyvern (Lair:4)
  A basilisk (Lair:4)
  A steam dragon (D:9)
  20 yaks
  5 hungry ghosts
  3 vampire mosquitoes (D:12)
  2 soldier ants
  19 water moccasins
  9 porcupines
  11 black bears
  A hornet zombie (D:10)
  4 sky beasts
  4 orc warriors
  3 ice beasts
  11 ogres
  4 phantoms
  2 necrophages
  39 wolves
  4 centaurs
  5 big kobolds
  6 crocodiles
  16 bullfrogs
  3 gnoll sergeants (D:10)
  A water moccasin zombie (D:5)
  A wyvern skeleton (D:9)
  8 scorpions
  28 killer bees
  9 wights (D:12)
  4 howler monkeys
  6 crimson imps
  A quasit (D:7)
  A centaur skeleton (D:7)
  8 orc priests
  A gnoll shaman (D:7)
  A jelly (D:5)
  4 hounds
  3 iguanas
  5 orc wizards
  3 bullfrog skeletons
  6 worker ants
  A killer bee zombie (D:8)
  A hound skeleton (D:11)
  2 hound zombies
  A worker ant zombie (D:5)
  Robin (D:2)
  7 gnolls
  12 adders
  2 oozes
  An adder zombie (D:6)
  6 worms
  3 dart slugs (D:1)
  7 leopard geckos
  45 orcs
  4 bats
  7 giant cockroaches
  20 goblins
  12 hobgoblins
  7 jackals
  7 quokkas
  2 ball pythons
  4 frilled lizards
  12 kobolds
  A quokka skeleton (D:7)
  5 rats
  A plant (D:5)
518 creatures vanquished.

Vanquished Creatures (collateral kills)
  Gastronok (Lair:3)
  5 dream sheep (Lair:3)
6 creatures vanquished.

Vanquished Creatures (others)
  2 polar bears
  2 wolves (IceCv)
  A leopard gecko (D:1)
  A jackal (D:5)
  4 fungi
  6 plants
16 creatures vanquished.

Grand Total: 540 creatures vanquished

Notes
Turn   | Place    | Note
-------+----------+-------------------------------------------
     0 | D:1      | Rrauwl the Hill Orc Monk began the quest for the Orb.
     0 | D:1      | Reached XP level 1. HP: 19/19 MP: 1/1
    80 | D:1      | Reached XP level 2. HP: 21/27 MP: 2/2
   149 | D:1      | Reached XP level 3. HP: 20/33 MP: 3/3
   581 | D:2      | Noticed Robin
   587 | D:2      | Reached skill level 5 in Axes
   592 | D:2      | Reached XP level 4. HP: 34/40 MP: 4/4
   605 | D:2      | Killed Robin
  1386 | D:3      | Reached skill level 6 in Axes
  1386 | D:3      | Reached XP level 5. HP: 34/46 MP: 5/5
  1529 | D:3      | Upgraded the game from 0.23-a0-128-g2d122ddfbf to
                  | 0.23-a0-137-gef0ad6d46f
  2103 | D:3      | Reached skill level 7 in Axes
  2549 | D:4      | Found a radiant altar of Vehumet.
  2722 | D:4      | Found Zylaxzu's Antique Weapon Shop.
  2727 | D:4      | Noticed an ogre
  2738 | D:4      | Killed an ogre
  2738 | D:4      | Reached skill level 8 in Axes
  2738 | D:4      | Reached XP level 6. HP: 52/52 MP: 6/6
  3222 | D:5      | Entered Level 5 of the Dungeon
  3238 | D:5      | Reached skill level 12 in Axes
  3238 | D:5      | Reached XP level 7. HP: 67/67 MP: 7/7
  3240 | D:5      | Found Juamnas's Jewellery Shop.
  3730 | D:5      | Found Mauginut's Magic Scroll Shop.
  3736 | D:5      | Bought a scroll of remove curse for 39 gold pieces
  3736 | D:5      | Bought a scroll of remove curse for 39 gold pieces
  3736 | D:5      | Bought a scroll of blinking for 97 gold pieces
  3875 | D:5      | Found Lifryni's General Store.
  3926 | D:5      | Reached skill level 13 in Axes
  3926 | D:5      | Reached XP level 8. HP: 74/74 MP: 8/8
  4043 | D:5      | Found Kaakly's General Store.
  4210 | D:5      | Reached XP level 9. HP: 81/81 MP: 9/9
  4317 | D:5      | Learned a level 2 spell: Blink
  4348 | D:5      | Found a staircase to the Ecumenical Temple.
  4357 | Temple   | Entered the Ecumenical Temple
  4372 | Temple   | Became a worshipper of Warmaster Okawaru
  4372 | Temple   | Reached * piety under Okawaru
  4372 | Temple   | Reached ** piety under Okawaru
  4785 | D:5      | Found Yngah's Book Boutique.
  5401 | D:6      | Gained mutation: You are resistant to electric shocks.
                  | (rElec) [potion of mutation]
  5401 | D:6      | Gained mutation: Your flesh is cold resistant. (rC+)
                  | [potion of mutation]
  5401 | D:6      | Gained mutation: You are partially covered in yellow
                  | scales. (AC +2) [potion of mutation]
  5456 | D:6      | Noticed Eustachio
  5493 | D:6      | Killed Eustachio
  6566 | D:7      | Reached XP level 10. HP: 84/88 MP: 10/10
  6640 | D:7      | Reached skill level 14 in Axes
  7046 | D:7      | Reached *** piety under Okawaru
  7669 | D:8      | Found a sparkling altar of Nemelex Xobeh.
  8009 | D:8      | Reached skill level 1 in Invocations
  8352 | D:9      | Reached skill level 1 in Evocations
  9115 | D:9      | Found an opulent altar of Gozag.
  9129 | D:9      | Reached **** piety under Okawaru
  9577 | D:9      | Reached XP level 11. HP: 69/95 MP: 13/13
  9767 | D:10     | Entered Level 10 of the Dungeon
  9786 | D:10     | Found a staircase to the Lair.
 10084 | D:10     | Received a gift from Okawaru
 10714 | D:5      | Bought a scroll of remove curse for 33 gold pieces
 10731 | D:5      | Bought a scroll of fog for 26 gold pieces
 10731 | D:5      | Bought a scroll of enchant weapon for 97 gold pieces
 10731 | D:5      | Bought a scroll of holy word for 97 gold pieces
 10858 | Lair:1   | Entered Level 1 of the Lair of Beasts
 10902 | D:10     | Found a staircase to the Orcish Mines.
 10957 | D:10     | Received a gift from Okawaru
 11243 | D:10     | Reached skill level 15 in Axes
 12059 | Lair:1   | Reached skill level 5 in Invocations
 12334 | D:11     | Upgraded the game from 0.23-a0-137-gef0ad6d46f to
                  | 0.23-a0-139-ga22e90c45f
 12548 | D:11     | Noticed a tengu warrior
 12548 | D:11     | Noticed a tengu warrior
 12565 | D:11     | Killed a tengu warrior
 12581 | D:11     | Killed a tengu warrior
 12907 | D:11     | Received a gift from Okawaru
 12991 | D:11     | Noticed a manticore
 13036 | D:11     | Killed a manticore
 13180 | D:11     | Reached XP level 12. HP: 106/106 MP: 13/16
 13355 | D:11     | Received a gift from Okawaru
 13452 | D:12     | Reached skill level 10 in Fighting
 13794 | D:12     | Identified a scroll of acquirement
 13795 | D:12     | Got a dazzling cloak
 13801 | D:12     | Identified the +0 cloak of Servitude {+Blink SInv} (You
                  | acquired it on level 12 of the Dungeon)
 13860 | D:12     | Received a gift from Okawaru
 13866 | D:12     | Noticed a two-headed ogre
 13883 | D:12     | Killed a two-headed ogre
 13883 | D:12     | Reached skill level 10 in Crossbows
 14049 | D:12     | Reached ***** piety under Okawaru
 14059 | D:12     | Noticed a seven-headed hydra
 14547 | D:12     | Killed a 14-headed hydra
 15075 | Lair:1   | Reached skill level 16 in Axes
 15090 | Lair:1   | Noticed Urug
 15110 | Lair:1   | Killed Urug
 15221 | Lair:1   | Noticed Fannar
 15244 | Lair:1   | Killed Fannar
 16016 | Lair:2   | Received a gift from Okawaru
 16300 | Lair:2   | Received a gift from Okawaru
 16321 | Lair:2   | Reached XP level 13. HP: 105/113 MP: 19/19
 16451 | Lair:2   | Reached skill level 5 in Evocations
 16504 | Lair:2   | Found a frozen archway.
 16524 | Lair:2   | Reached skill level 10 in Armour
 16534 | IceCv    | Entered an ice cave
 16804 | IceCv    | Received a gift from Okawaru
 16829 | IceCv    | Got a fine battleaxe {god gift}
 16998 | IceCv    | Identified the +8 battleaxe of the Mind {drain, -Tele +Rage
                  | MR+ Dex+3} (Okawaru gifted it to you in an ice cave)
 17333 | IceCv    | Reached skill level 5 in Dodging
 17364 | IceCv    | Reached skill level 10 in Invocations
 17801 | IceCv    | Received a gift from Okawaru
 18405 | IceCv    | Noticed a frost giant
 18447 | IceCv    | Killed a frost giant
 18447 | IceCv    | Received a gift from Okawaru
 18784 | IceCv    | Got a transparent scale mail
 18795 | IceCv    | Identified the +5 scale mail of Winter {*Corrode rElec rF+
                  | rN++} (You found it in an ice cave)
 19340 | Lair:3   | Found a hole to the Spider Nest.
 19386 | Lair:3   | Received a gift from Okawaru
 19628 | Lair:3   | Noticed Gastronok
 19673 | Lair:3   | Killed Gastronok
 19677 | Lair:3   | Reached ****** piety under Okawaru
 20624 | Lair:3   | Received a gift from Okawaru
 20624 | Lair:3   | Reached XP level 14. HP: 53/124 MP: 22/22
 20871 | Lair:3   | Found a staircase to the Shoals.
 21745 | Lair:4   | Received a gift from Okawaru
 22568 | Lair:4   | Reached skill level 17 in Axes
 23563 | Lair:5   | HP: 3/187 [death yak (19)]
 23567 | Lair:5   | Mangled by a death yak

Vault maps used:
D:1:      scummos_arrival_simple_fountains, moated_statue
D:2:      serial_bayou_pond_d, uniq_robin
D:3:      first_ration
D:4:      serial_shops, shop, vehumet_altar_wand_db
D:5:      lemuel_temple_firewalk_b, serial_shops, shop, shop, shop, shop,
          kennysheep_little_box, serial_bayou, serial_bayou_lagoon_b,
          serial_bayou_pond_e, serial_bayou_pond_c, serial_bayou_shore_b,
          serial_park_tiny_1
D:6:      uniq_eustachio
D:7:      grunt_ogre_cave
D:8:      columned_hall_lemuel, nemelex_xobeh_ov_fountains_minmay
D:9:      nicolae_overflow_hidden_temple, special_room
D:10:     david_lair_shrubbed, kennysheep_orc_monster_closet_entryway
Temple:   compressed_dpeg_triangle_lava_temple
Lair:1:   lemuel_fruit_tree, uniq_urug, uniq_fannar
Lair:2:   beast_lair_carwin_large_3, portal_ice_cave_demonic_guard,
          infiniplex_staircase_pool
Lair:3:   elwin_shoals_entry_stream, nicolae_spider_entry_non_spiders,
          infiniplex_staircase_pool_2, uniq_gastronok
Lair:4:   st_stairs_5, minivault_11, cheibrodos_lair_reptile_den,
          grunt_megastairs_4
Lair:5:   dpeg_slime_entry_enclosed_altar
IceCv:    ice_cave_caverns_03

Skill      XL: |  1  2  3  4  5  6  7  8  9 10 11 12 13 14 |
---------------+-------------------------------------------+-----
Stealth        | 2 |  2.0
Fighting       | 4 7 8 9 10 11 | 11.8
Dodging        | 3 4 5 |  5.0
Axes           | 5 6 8 12 13 14 15 16 17 | 17.1
Armour         | 8 9 10 11 | 11.5
Crossbows      | 8 9 10 | 10.0
Invocations    | 3 6 8 11 12 | 12.0
Evocations     | 2 3 4 5 |  5.0

Action                   |  1- 3 |  4- 6 |  7- 9 | 10-12 | 13-15 || total
-------------------------+-------+-------+-------+-------+-------++-------
Melee: Hand axe          |   108 |    81 |   402 |   113 |       ||   704
       Flail             |       |   111 |    32 |       |       ||   143
       War axe           |       |       |       |   805 |       ||   805
       Whip              |       |       |       |    82 |       ||    82
       Dire flail        |       |       |       |   169 |  1043 ||  1212
 Fire: Hand crossbow     |       |       |       |    12 |       ||    12
Invok: Heroism           |       |       |     1 |    28 |    20 ||    49
       Finesse           |       |       |       |       |     1 ||     1
 Abil: Evoke Blink       |       |       |       |     1 |       ||     1
Evoke: Wand              |       |     6 |       |    46 |     6 ||    58
       Box of beasts     |       |       |       |       |     2 ||     2
  Use: Scroll            |       |     4 |     5 |    10 |     5 ||    24
       Potion            |       |     8 |     5 |     5 |     8 ||    26
 Stab: Paralysed         |       |     2 |       |       |       ||     2
       Invisible         |       |       |       |       |     3 ||     3
  Eat: Chunk             |       |     8 |     4 |    25 |    10 ||    47
       Ration            |       |       |     2 |     7 |     4 ||    13
Armor: Scale mail        |    64 |    80 |       |       |   277 ||   421
       Robe              |     2 |       |       |       |       ||     2
       Chain mail        |       |       |   180 |   582 |   240 ||  1002
Dodge: Dodged            |    64 |   107 |   105 |   558 |   588 ||  1422
Block: Buckler           |       |       |       |   137 |       ||   137

Table legend:
 A = Non-vault XP
 B = Vault XP
 C = Vault XP percentage of total XP
 D = Non-vault monster count
 E = Vault monster count
 F = Vault count percentage of total count
                 A         B        C        D         E       F
            +---------+---------+-------+---------+---------+-------
      Total |   41091 |   24758 |  37.6 |     391 |     133 |  25.4
            +---------+---------+-------+---------+---------+-------
        D:1 |      58 |       0 |   0.0 |      28 |       0 |   0.0
        D:2 |      30 |      36 |  54.5 |      14 |      12 |  46.2
        D:3 |     134 |       0 |   0.0 |      26 |       0 |   0.0
        D:4 |     191 |       2 |   1.0 |       7 |       1 |  12.5
        D:5 |     931 |       0 |   0.0 |      23 |       0 |   0.0
        D:6 |     454 |     214 |  32.0 |      11 |       1 |   8.3
        D:7 |    1734 |     121 |   6.5 |      42 |       1 |   2.3
        D:8 |     546 |       0 |   0.0 |      20 |       0 |   0.0
        D:9 |    2052 |    1165 |  36.2 |      17 |      15 |  46.9
       D:10 |    2330 |    1532 |  39.7 |      27 |      21 |  43.8
       D:11 |    4568 |       0 |   0.0 |      28 |       0 |   0.0
       D:12 |    7414 |       0 |   0.0 |      47 |       0 |   0.0
     Lair:1 |    2854 |    1811 |  38.8 |      14 |       2 |  12.5
     Lair:2 |    1372 |    2733 |  66.6 |      11 |      13 |  54.2
     Lair:3 |    5587 |    4233 |  43.1 |      36 |      16 |  30.8
     Lair:4 |    5803 |    1092 |  15.8 |      26 |       7 |  21.2
     Lair:5 |    5033 |       0 |   0.0 |      14 |       0 |   0.0
      IceCv |       0 |   11819 | 100.0 |       0 |      44 | 100.0
            +---------+---------+-------+---------+---------+-------
